← All builds
Tech / Armada / Economy first / OBSERVED BUILD

Sharpshooter snipers

Armada Tech (Eco) build order · Supreme Isthmus

Standard T2 rush into an early Sharpshooter-led sniper bot push around 8:10-8:38, pairing T2 constructor support for Geo with sniper bots fighting at the middle rather than just economy scaling.

Usually first T2 con to Geo (81%)

#t2 #raid · 98 distinct matches · 50 players · 3% of Armada Tech games · team won 26% of 99 · Recently observed

THE CATCH, AND WHAT COMES WITH IT
  • SharpshooterT2 bot snipers from 8:10 · 6% of role by thenFrom the Advanced Bot Lab. Only 6% of Tech games have it by then; others who build it get it around 9:04

Where those units first fight, in 97 games with kill data: in the middle 55%, on their own side 45%.

Those units destroy a typical 1,385 metal of enemy units by 15:00.

Then transitions into anti-nuke (13% of army).

HOW TO PLAY IT

Key timing: Sharpshooter out by 9:04

  1. Open standard T2 rush with Bot Lab first.
  2. Finish Advanced Bot Lab on the normal T2 timing.
  3. Upgrade mex as usual while eco scales.
  4. Push Sharpshooter snipers from Advanced Bot Lab to fight forward in middle.
  5. Keep producing T2 cons and anti-nuke for the team.

Phase by phase

TYPICAL OF ITS 98 GAMES · AGAINST STANDARD TECH
  1. 1
  2. 2
  3. 3
  4. 4
  5. 5
PLAY THE OPENING

Follow the example game's first 9:10 step by step: what to build now, what comes next, and where it goes. At 1× it keeps pace with your own game.

  1. 1

    Up to the Bot Lab

    Economy
    • Metal Extractor3Mex
    • Wind Turbine4Wind
    Order
    1. Bot LabBot Lab after 3 mex, 4 winddone ~1:17, middle half 1:13–1:38

    Some games also: energy storage (37%)

    By 1:00 in all: 3 mex · 4 wind

    The example game in this phase · 4 steps
    1. Mex ×3
    2. Wind ×5
    3. Energy storage
    4. Bot LabBot Labdone 1:37 · typical 1:17
  2. 2

    Bot Lab to Advanced Bot Lab

    Economy
    • Metal Extractor1Mex
    • Wind Turbine9Wind
    • Energy Storage1Energy storage
    Order
    1. Advanced Bot LabAdvanced Bot Lab after 4 mex, 13 wind, 3 con turretdone ~4:18, middle half 4:08–4:33
    Builders
    • Construction Turret3 Con turret
    • Lazarus3 Lazarus
    • Construction Bot2 Con bot
    • Construction Bot1 Con bot for allies

    Some games also: converter (42%)

    By 3:22 in all: 4 mex · 13 wind · 1 energy storage · 3 con turret

    The example game in this phase · 26 steps
    1. Construction BotCon botfor Air
    2. Construction BotCon bot ×2
    3. Con turret
    4. LazarusLazarus
    5. Mex
    6. LazarusLazarus
    7. Wind
    8. Con turret
    9. Wind
    10. LazarusLazarus
    11. Wind ×3
    12. Converter
    13. Wind
    14. Converter
    15. Wind ×2
    16. Converter
    17. Wind
    18. Converter
    19. Wind ×5
    20. Converter
    21. Construction BotCon bot
    22. Wind ×2
    23. Construction BotCon bot
    24. Wind ×12
    25. Con turret
    26. Advanced Bot LabAdvanced Bot Labdone 5:02 · typical 4:18
  3. 3

    Advanced Bot Lab to 5:00

    Economy
    • Wind Turbine1Wind−2 vs standard
    Order
    1. Bot LabEat Bot Lab
    Builders
    • Advanced Construction Bot1 T2 con bot for allies

    Some games also: converter (43%)

    By 5:00 in all: 4 mex · 15 wind · 2 converter · 1 energy storage · 3 con turret

    The example game in this phase · 1 step
    1. Bot LabEat Bot Labreclaimed for its metal
  4. 4

    5:00 to T2 bot snipers

    Economy
    • Wind Turbine16Wind+5 vs standard
    • Energy Converter1Converter
    Order
    1. SharpshooterT2 bot snipers after 4 mex, 31 wind, 5 converterdone ~8:38, middle half 7:40–9:45
    Builders
    • Butler4 Butler
    • Advanced Construction Bot3 T2 con bot for allies

    Some games also: T2 con bot (35%)

    By 8:10 in all: 4 mex · 31 wind · 5 converter (standard 3) · 1 energy storage · 3 con turret

    The example game in this phase · 4 steps
    1. Advanced Construction BotT2 con bot ×2for Geo
    2. Advanced Construction BotT2 con bot
    3. Advanced Metal ExtractorT2 mex ×3done 5:53 · typical 5:17
    4. SharpshooterSniper botdone 6:50 · typical 8:38
  5. 5

    T2 bot snipers to 10:00

    Economy
    • Wind Turbine19Wind−11 vs standard
    Army
    • Sharpshooter1 Sniper bot

    Some games also: converter (47%) · Butler (45%) · T2 con bot for allies (42%)

    The standard build makes here, this one skips: 4 converter · 5 Butler

    By 10:00 in all: 4 mex · 54 wind · 7 converter · 1 energy storage · 3 con turret

    The example game in this phase · 119 steps
    1. SharpshooterSniper bot
    2. FatboyFatboyfor Ponddone 7:52
    3. Advanced Construction BotT2 con botfor Pond
    4. Aircraft PlantAircraft Plantdone 8:07
    5. OspreyHeavy transport
    6. StorkLight transport ×2
    7. Advanced Metal ExtractorT2 mex
    8. Advanced Construction BotT2 con bot ×2for Geo sea
    9. Advanced Construction BotT2 con bot
    10. Wind ×2
    11. Construction AircraftCon aircraft
    12. Converter
    13. Wind
    14. Construction AircraftCon aircraft
    15. Converter
    16. Construction AircraftCon aircraft
    17. Wind ×2
    18. Construction AircraftCon aircraft
    19. Converter
    20. Con turret ×3
    21. Wind
    22. Fusion ReactorFusiondone 11:23
    23. Construction AircraftCon aircraft
    24. Converter
    25. Metal storage
    26. Wind
    27. Con turret
    28. Wind
    29. Converter
    30. Con turret
    31. Converter
    32. Construction AircraftCon aircraft
    33. Wind ×2
    34. Converter
    35. Wind
    36. Converter
    37. Wind ×2
    38. Advanced Bot LabEat Advanced Bot Labreclaimed for its metal
    39. Converter
    40. Wind ×2
    41. Converter
    42. CitadelAnti-nukedone 12:08
    43. Wind ×3
    44. Converter
    45. Wind ×3
    46. Converter
    47. Wind ×3
    48. TracerTracer
    49. Wind
    50. Converter
    51. Wind
    52. Con turret ×3
    53. Converter
    54. Con turret
    55. Converter ×4
    56. Con turret ×6
    57. Converter ×2
    58. Aircraft PlantEat Aircraft Plantreclaimed for its metal
    59. Converter
    60. Aircraft PlantAircraft Plantdone 12:45
    61. StormbringerBomber ×2for Air
    62. Converter ×2
    63. StormbringerBomberfor Air
    64. Wind ×2
    65. StormbringerBomberfor Air
    66. Wind ×5
    67. Converter ×2
    68. StormbringerBomberfor Air
    69. Wind ×2
    70. StormbringerBomberfor Air
    71. Converter
    72. Wind ×4
    73. StormbringerBomberfor Air
    74. Wind
    75. Converter
    76. StormbringerBomberfor Air
    77. Wind ×2
    78. Converter
    79. Wind
    80. StormbringerBomberfor Air
    81. Converter
    82. Wind ×3
    83. StormbringerBomberfor Air
    84. Converter
    85. Wind
    86. Converter
    87. Wind ×2
    88. StormbringerBomberfor Air
    89. Wind
    90. Converter
    91. Wind ×2
    92. StormbringerBomberfor Air
    93. Wind ×4
    94. Converter
    95. StormbringerBomberfor Air
    96. Wind
    97. StormbringerBomberfor Air
    98. Wind ×2
    99. Converter
    100. Wind
    101. StormbringerBomberfor Air
    102. Wind
    103. Converter
    104. StormbringerBomberfor Air
    105. Wind ×3
    106. Converter
    107. StormbringerBomber
    108. Wind
    109. Aircraft PlantEat Aircraft Plantreclaimed for its metal
    110. Wind ×2
    111. Converter
    112. Wind
    113. Converter
    114. Wind ×5
    115. Converter
    116. Wind
    117. Fusion ReactorFusion
    118. Wind ×2
    119. Converter ×5

Counts are medians over the build's games: half of them build more, half fewer. The example game is enderOS1's (33 OS, 28/09/2026); pick another.

Team trades

IN AT LEAST 30% OF ITS GAMES

You hand over

  • Construction Bot1 Con bot to Airfirst at 2:24 · in 89% of games
  • Advanced Construction Bot5 T2 con bot to Geo sea or Air or Pondfirst at 4:59 · in 100% of games
  • Butler2 Butler to Geo sea or Beach seafirst at 10:30 · in 36% of games

You get

  • Hercules2 Light transport from Airfirst at 4:05 · in 88% of games

How it plays out

Typical game of this build against the role’s standard build, running totals by minute

  • This build
  • Standard tech

Metal produced

020k40k
0:005:0010:0015:00

metal

Enemy metal destroyed

01k2k3k
0:005:0010:0015:00

metal

Own metal lost

05001k
0:005:0010:0015:00

metal

99 games.

Show as table
ByMetal produced: This buildMetal produced: Standard techEnemy metal destroyed: This buildEnemy metal destroyed: Standard techOwn metal lost: This buildOwn metal lost: Standard tech
1:003833830000
2:009139150000
3:00160316520000
4:00309831440000
5:00486948480000
6:00595357990000
7:00751272270000
8:00930490650000
9:0011440111800000
10:001379313520183000
11:0016225162426500740
12:001895519652101401300
13:002217423430153803210
14:0026192272861801068074
15:0029993315032494108832130
WHAT THE NUMBERS SAY

Won far less often than the standard build, losing a lot more metal for only a modest gain in enemy metal destroyed.

  • + Enemy metal destroyed by 15:00 well above standard (2598 vs 262).
  • − Team win rate collapses to 21% vs standard's 53%.
  • − Own metal lost by 15:00 far exceeds standard (1360 vs 196).
THE EXAMPLE YOU ARE READING

enderOS1

33.0 OS · 28/09/2026

Open source match ↗

35 received units
3559 metal received · 94483 energy received

Allied construction assistance is unknown. Timings are observations, not a promise of solo reproducibility.

Typical milestones

Bot Lab1:17Middle 50%: 1:13–1:38 · n=99
Advanced Bot Lab4:18Middle 50%: 4:08–4:33 · n=99
Advanced Metal Extractor5:17Middle 50%: 4:57–5:42 · n=99
Sharpshooter8:38Middle 50%: 7:40–9:45 · n=99

Played most by

Amrissa15games of this buildDRM6games of this buildTheGeneraI5games of this buildenderOS14games of this buildKontraption4games of this build